 Dungeon Crawl Stone Soup version 0.28.0-49-g6dfe1f597d (webtiles) character file.

Game seed: 11898180593921462074

71 GigaChad the Covered (level 4, -3/41 HPs)
             Began as a Minotaur Fighter on May 11, 2022.
             Was a High Priest of Ignis.
             Slain by a gnoll
             ... wielding a +0 whip
              (4 damage)
             ... on level 3 of the Dungeon.
             The game lasted 00:05:50 (1211 turns).

GigaChad the Covered (Minotaur Fighter)             Turns: 1211, Time: 00:05:51

Health: -3/41      AC:  9    Str: 21    XL:     4   Next: 5%
Magic:  3/3        EV:  7    Int:  5    God:    Ignis [*****.]
Gold:   76         SH:  4    Dex: 11    Spells: 3/3 levels left

rFire   + . .      SeeInvis .   a - +0 long sword
rCold   . . .      Faith    .   c - +0 buckler
rNeg    . . .      Spirit   .   g - +0 chain mail
rPois   .          Reflect  .   (helmet restricted)
rElec   .          Harm     .   (no cloak)
rCorr   .          Rampage  .   (no gloves)
Will    .....                   (no boots)
Stlth   ..........              (no amulet)
HPRegen 0.13/turn               (no ring)
MPRegen 0.08/turn               (no ring)

@: no status effects
A: horns 2, retaliatory headbutt
a: Renounce Religion, Fiery Armour, Foxfire Swarm, Rising Flame


You were on level 3 of the Dungeon.
You worshipped Ignis.
Ignis was extremely pleased with you.
You visited 1 branch of the dungeon, and saw 3 of its levels.

You collected 76 gold pieces.

Inventory:

Hand Weapons
 a - a +0 long sword (weapon)
Missiles
 h - a throwing net (quivered)
Armour
 b - a +0 scale mail
 c - a +0 buckler (worn)
 g - a +0 chain mail (worn)
Jewellery
 j - a ring of protection from fire
Scrolls
 e - 2 scrolls of fog {unknown}
 k - 2 scrolls of identify {unknown}
 l - a scroll of teleportation {unknown}
Potions
 d - a potion of might
 f - a potion of flight {unknown}
 i - a potion of heal wounds {unknown}
 m - a potion of attraction {unknown}
 n - a potion of berserk rage {unknown}
 o - a potion of mutation {unknown}


   Skills:
 + Level 4.4 Fighting
 + Level 3.3 Long Blades
 + Level 4.4 Armour
 + Level 0.6 Dodging
 + Level 3.9 Shields


You had 3 spell levels left.
You didn't know any spells.
Your spell library was empty.

Dungeon Overview and Level Annotations

Branches:
Dungeon (3/15)

Altars:
Ru
Ignis


Innate Abilities, Weirdness & Mutations

You have a pair of horns on your head.
You reflexively headbutt those who attack you in melee.


Message History

A gnoll is nearby!
A gnoll is nearby!
A gnoll is nearby!
The gnoll shouts!
You hear a shout! 2 gnolls come into view.
The gnoll shouts! x2
The gnoll moves out of view.
The gnoll hits you with a +0 club!
* * * LOW HITPOINT WARNING * * *
The gnoll closely misses you. You furiously retaliate!
You headbutt the gnoll, but do no damage.
You hit the gnoll but do no damage. The gnoll hits you with a +0 club.
* * * LOW HITPOINT WARNING * * *
The gnoll hits you from afar with a +0 spear.
* * * LOW HITPOINT WARNING * * *
You hit the gnoll. You headbutt the gnoll.
The gnoll is severely wounded.
The gnoll closely misses you. You block the gnoll's attack.
You slash the gnoll!
You kill the gnoll!
A jackal comes into view.
The gnoll hits you from afar with a +0 spear.
* * * LOW HITPOINT WARNING * * *
The jackal moves out of view.
You have reached level 4!
You feel stronger. The gnoll hits you but does no damage.
You hit the gnoll but do no damage. The gnoll hits you but does no damage.
You hit the gnoll but do no damage. Your headbutt misses the gnoll.
The gnoll closely misses you. The gnoll hits you with a +0 spear.
* * * LOW HITPOINT WARNING * * *
The gnoll closely misses you. The gnoll hits you with a +0 spear.
* * * LOW HITPOINT WARNING * * *
You slash the gnoll!
The gnoll is severely wounded.
The gnoll barely misses you. You block the gnoll's attack.
You hit the gnoll.
You kill the gnoll!
The gnoll hits you with a +0 whip.
You die...

#...# #?... ...# ...
. #######.#
..####.......#####.
.................<.
###.........#########
.......).......)@...#
.....#.###.....g....#
.###... #..........#
....# #..........#
...... #..........#
....#[ #..........#
...## ##...#.#####
..# #...#.# ...###.#


You could see a gnoll.

Vanquished Creatures
  2 adders
  2 gnolls (D:3)
  A worm (D:3)
  6 endoplasms
  A giant cockroach (D:2)
  4 goblins
  3 hobgoblins
  6 kobolds
  3 ball pythons
  4 bats
  4 frilled lizards
  3 rats
39 creatures vanquished.

Notes
Turn   | Place    | Note
-------+----------+-------------------------------------------
     0 | D:1      | GigaChad the Minotaur Fighter began the quest for the Orb.
     0 | D:1      | Reached XP level 1. HP: 19/19 MP: 0/0
   106 | D:1      | Found a faded altar of an unknown god.
   156 | D:1      | Prayed at the altar of an unknown god.
   156 | D:1      | Became a worshipper of Ignis, the Dying Flame
   200 | D:1      | Reached XP level 2. HP: 19/27 MP: 1/1
   793 | D:2      | Reached XP level 3. HP: 32/33 MP: 2/2
   904 | D:2      | Found a sacrificial altar of Ru.
  1197 | D:3      | HP: 1/34 [gnoll/+0 spear (3)]
  1198 | D:3      | Reached XP level 4. HP: 1/41 MP: 3/3
  1209 | D:3      | HP: 2/41 [gnoll/+0 spear (1)]
  1211 | D:3      | Slain by a gnoll

Illustrated notes

Levels and vault maps discovered:
D:1:      giann_horns, layout_rooms, dreamdust_ecumenical_altar_statues,
          chequers_serial_rivers_small_3, serial_bayou_pond_a
D:2:      layout_rooms, basic_altar, minmay_tiny_reverse_x
D:3:      layout_rooms, gammafunk_temple_overflow_forgotten,
          portal_sewer_entry_f

Skill      XL: |  1  2  3 |
---------------+----------+-----
Armour         | 4 |  4.4
Fighting       | 4 |  4.4
Long Blades    | 3 |  3.3
Dodging        | |  0.6
Shields        | |  3.9

Action                   |  1- 3 |  4- 6 || total
-------------------------+-------+-------++-------
Melee: Long sword        |    78 |     4 ||    82
       Headbutt          |    12 |       ||    12
Armor: Chain mail        |    49 |     2 ||    51
       Scale mail        |     2 |       ||     2
Dodge: Dodged            |    44 |     3 ||    47
Block: Buckler           |    17 |     1 ||    18
